 Dungeon Crawl Stone Soup version 0.17.1-2-g5865329 (webtiles) character file.

103 ololoev the Chopper (level 4, 0/35 HPs)
             Began as a Demonspawn Fighter on Feb 12, 2016.
             Slain by a shadow imp (1 damage)
             ... on level 4 of the Dungeon.
             The game lasted 00:03:45 (572 turns).

ololoev the Chopper (Demonspawn Fighter)             Turns: 572, Time: 00:03:46

Health: 0/35       AC:  6    Str: 18    XL:     4   Next: 51%
Magic:  4/4        EV:  7    Int:  9    God:
Gold:   53         SH:  8    Dex: 12    Spells: 0 memorised, 3 levels left

rFire  . . .     SeeInvis .     a - +0 war axe
rCold  . . .     Clarity  .     b - +0 scale mail
rNeg   . . .     SustAt   .     c - +0 shield
rPois  .         Gourm    .     (helmet restricted)
rElec  .         Spirit   .     (no cloak)
rCorr  .         Warding  .     (no gloves)
rMut   .         Stasis   .     (no boots)
MR     .....                    (no amulet)
Stlth  ..........               (no ring)
                                (no ring)

@: not resistant to hostile enchantments, extremely unstealthy
A: horns 2
a: no special abilities


Innate Abilities, Weirdness & Mutations

You have a pair of horns on your head.

Inventory:

Hand Weapons
 a - a +0 war axe (weapon)
Armour
 b - a +0 scale mail (worn)
 c - a +0 shield (worn)
Scrolls
 f - 2 scrolls of fog {unknown}
 g - a scroll of enchant armour {unknown}
 h - 2 scrolls of remove curse {unknown}
 i - a scroll of noise {unknown}
 j - 3 scrolls of amnesia {unknown}
 k - a scroll of recharging {unknown}
 n - a scroll of identify {unknown}
Potions
 d - 2 potions of might
Comestibles
 e - 2 bread rations
 l - 5 chunks of flesh


   Skills:
 - Level 3.0 Fighting
 * Level 3.8 Axes
 + Level 3.4 Armour
 - Level 2.6 Shields


You had 3 spell levels left.
You didn't know any spells.


You were on level 4 of the Dungeon.
You were not hungry.

You visited 1 branch of the dungeon, and saw 4 of its levels.

You collected 53 gold pieces.

#.# #.# #.# #.#
#.##### ########
#......
#......#####..####
#.####........#
#@# #####.....#
#5# ##...## .l.
##.## ##.## #.#
#.# #8# #.. ###
##. .

Notes
Turn   | Place    | Note
--------------------------------------------------------------
     0 | D:1      | ololoev the Demonspawn Fighter began the quest for the Orb.
     0 | D:1      | Reached XP level 1. HP: 18/18 MP: 1/1
   115 | D:1      | Gained mutation: You have a pair of small horns on your head. [demonic ancestry]
   115 | D:1      | Reached XP level 2. HP: 17/24 MP: 2/2
   291 | D:2      | Gained mutation: You have a pair of horns on your head. [demonic ancestry]
   291 | D:2      | Reached XP level 3. HP: 27/29 MP: 3/3
   379 | D:4      | Reached XP level 4. HP: 9/35 MP: 4/4
   571 | D:4      | HP: 1/35 [shadow imp (4)]
   572 | D:4      | Slain by a shadow imp

Dungeon Overview and Level Annotations

Branches:
Dungeon (4/15)
 Temple: D:4-7

Altars:


Message History

You block the giant gecko's attack.
You closely miss the giant gecko. You headbutt the giant gecko.
The giant gecko is moderately wounded.
You block the giant gecko's attack.
You slash the giant gecko!
You kill the giant gecko!
You see here a giant gecko corpse.
You butcher the giant gecko corpse.
l - 5 chunks of flesh (gained 1)
Found a scale mail.
You hear the slow hiss of an avalanche of sand nearby.
A shadow imp comes into view.
The shadow imp shouts!
The shadow imp gestures at you. Pain shoots through your body!
The shadow imp barely misses you.
A giant newt comes into view.
You closely miss the shadow imp. The shadow imp hits you.
The shadow imp gestures at you. Pain shoots through your body!
You barely miss the shadow imp.
The shadow imp grinds its teeth.
The shadow imp hits you.
You closely miss the shadow imp. Your headbutt misses the shadow imp.
The shadow imp shouts, "Scamper away, thou rough-hewn boil-brained socdollager!"
The shadow imp hits you.
The shadow imp hits you but does no damage.
You closely miss the shadow imp. The shadow imp barely misses you.
Drink which item? (? for menu, Esc to quit)
Okay, then.
Your shield and scale mail prevent you from hitting the shadow imp.
The shadow imp barely misses you.
You hit the shadow imp.
The shadow imp is moderately wounded.
The shadow imp hits you.
The shadow imp hits you but does no damage.
You closely miss the shadow imp.
The shadow imp is moderately wounded.
The shadow imp hits you.
You die...

You could see a shadow imp and a giant newt.

Vanquished Creatures
  An orc wizard (D:4)
  A worker ant (D:3)
  2 adders (D:2)
  An adder skeleton (D:4)
  A giant gecko (D:4)
  4 orcs (D:4)
  2 giant cockroaches
  2 goblins (D:1)
  3 hobgoblins (D:1)
  A kobold (D:2)
  2 quokkas
  A bat (D:1)
  A giant newt (D:1)
  3 rats (D:1)
25 creatures vanquished.

Action                   |  1- 3 |  4- 6 || total
-------------------------+-------+-------++-------
Melee: War axe           |    63 |    22 ||    85
  Use: Potion            |     1 |       ||     1

Vault maps used:
D:1:      mrwooster_arrival_statue_3, minmay_strange_pillars
D:2:      gammafunk_temple_overflow_elements
D:3:      minmay_fountain_box
D:4:      minmay_door_path, first_bread, lightli_ossuary_entry_decrepit_ruins
